 Dungeon Sprint DCSS version 0.28-a0-1190-g77e1c55843 (webtiles) character file.

Game seed: 751049105318974611

182 mhtbhm the Skirmisher (level 5, 0/57 HPs)
             Began as a Gargoyle Fighter on Dec 18, 2021.
             Was an Initiate of Gozag.
             Slain by a two-headed ogre (22 damage)
             ... in the Dungeon (Sprint IX: "|||||||||||||||||||||||||||||").
             The game lasted 00:00:39 (307 turns).

mhtbhm the Skirmisher (Gargoyle Fighter)             Turns: 307, Time: 00:00:39

Health: 0/57       AC: 17    Str: 22    XL:     5   Next: 62%
Magic:  5/5        EV: 12    Int:  8    God:    Gozag
Gold:   0          SH:  5    Dex:  9    Spells: 4/4 levels left

rFire   . . .      SeeInvis .   a - +2 morningstar (vorpal)
rCold   . . .      Faith    .   c - +0 buckler
rNeg    + . .      Spirit   .   b - +1 scale mail
rPois   ∞          Reflect  .   n - +0 helmet
rElec   +          Harm     .   (no cloak)
rCorr   .          Rampage  .   m - +0 pair of gloves
Will    .....      NoTele   +   (no boots)
Stlth   ..........              (no amulet)
HPRegen 0.19/turn               p - +2 ring of evasion
MPRegen 0.09/turn               o - +2 ring of protection

@: berserking, gold aura, invisible, very quick
A: sickness immunity, AC +4, negative energy resistance 1, electricity
resistance, torment resistance 1, petrification resistance
a: Renounce Religion, Potion Petition, Call Merchant, Bribe Branch


You were in the Dungeon.
You worshipped Gozag.
Gozag was noncommittal.
You visited 1 branch

Inventory:

Hand Weapons
 a - a +2 vorpal morningstar (weapon)
Armour
 b - a +1 scale mail (worn)
 c - a +0 buckler (worn)
 m - a +0 pair of gloves (worn)
 n - a +0 helmet (worn)
Jewellery
 o - a +2 ring of protection (right hand)
 p - a +2 ring of evasion (left hand)
Wands
 l - a wand of acid (9)
Scrolls
 j - 2 scrolls of blinking
 k - 2 scrolls of amnesia
Potions
 e - 5 potions of curing
 f - 3 potions of heal wounds
 g - a potion of haste
 h - 4 potions of magic


   Skills:
 + Level 7.0 Fighting
 + Level 5.8 Maces & Flails
 + Level 6.2 Armour
 + Level 1.5 Dodging
 + Level 6.8 Shields


You had 4 spell levels left.
You didn't know any spells.
Your spell library was empty.

Dungeon Overview and Level Annotations

Branches:
Dungeon (1/1)

Altars:
Cheibriados
Dithmenos
Elyvilon
Fedhas
Gozag
Hepliaklqana
Kikubaaqudgha
Makhleb
Nemelex Xobeh
Okawaru
Qazlal
Ru
Sif Muna
Trog
Uskayaw
Vehumet
Wu Jian
Xom
Yredelemnul
Zin
The Shining One
Beogh
Jiyva
Lugonu


Innate Abilities, Weirdness & Mutations

You are immune to sickness and miasma.
Your stone body is resilient. (AC +4)
You are immune to poison.
You resist negative energy. (rN+)
You are resistant to electric shocks. (rElec)
You are resistant to unholy torment.
You are immune to petrification.


Message History

The hornet buzzes angrily.
The orc warrior shouts!
The gnoll sergeant shouts!
Unknown command.
Aiming: Corrosive Bolt
Press: ? - help, Shift-Dir - straight line, f - two-headed ogre
Aim: a two-headed ogre, wielding a +0 giant club and a +0 giant spiked club (86% to hit)
The bolt of acid hits the two-headed ogre!
The two-headed ogre is moderately wounded.
The bolt of acid hits the hornet!
The acid corrodes the hornet!
The hornet is moderately wounded.
The bolt of acid misses the orc warrior.
The bolt of acid hits the bat zombie!
You destroy the bat zombie!
You block the two-headed ogre's attack.
The two-headed ogre hits you with a +0 giant spiked club!
Unknown command.
You fade into invisibility!
The two-headed ogre completely misses you.
The two-headed ogre closely misses you.
Unknown command.
A red film seems to cover your vision as you go berserk!
You feel yourself moving faster!
You feel mighty! The two-headed ogre misses you.
The two-headed ogre barely misses you.
You sock the two-headed ogre!
The two-headed ogre is moderately wounded.
The vampire is distracted by your dazzling golden aura.
You puncture the two-headed ogre!
The two-headed ogre is heavily wounded.
The two-headed ogre hits you with a +0 giant club!
The two-headed ogre closely misses you.
You barely miss the two-headed ogre.
The two-headed ogre is heavily wounded.
You hit the two-headed ogre.
The two-headed ogre is severely wounded.
The two-headed ogre hits you with a +0 giant club.
The two-headed ogre hits you with a +0 giant spiked club.
You puncture the two-headed ogre!
The two-headed ogre is almost dead.
The two-headed ogre hits you with a +0 giant club!!
You die...
Your body crumbles into a pile of gold.

▓.▓
$
▓.▓
$
▓)▓
$
▓.▓
$
▓.▓
▓[▓
$
▓.▓
▓.▓
$
▓@▓
▓O▓
$
▓y▓
▓o▓
$ $
▓g▓
$
▓V▓
$ $
▓.▓
$
▓.▓
$


You could see a two-headed ogre, a hornet (corroded), a vampire, an orc warrior
and a gnoll sergeant.

Vanquished Creatures
  A phantom (D)
  A scorpion (D)
  A hound (D)
  A gnoll (D)
  An adder skeleton (D)
  2 ball pythons (D)
  2 bats (D)
  A bat zombie (D)
  A hobgoblin (D)
11 creatures vanquished.

Notes
Turn   | Place    | Note
-------+----------+-------------------------------------------
     0 | D        | mhtbhm the Gargoyle Fighter began the quest for the Orb.
     0 | D        | Reached XP level 1. HP: 14/14 MP: 1/1
    30 | D        | Reached XP level 2. HP: 10/20 MP: 2/2
   194 | D        | Noticed a scorpion
   194 | D        | Noticed a phantom
   199 | D        | Reached skill level 4 in Fighting
   205 | D        | Reached skill level 5 in Fighting
   205 | D        | Reached skill level 5 in Shields
   205 | D        | Reached XP level 3. HP: 22/26 MP: 3/3
   206 | D        | Killed a scorpion
   207 | D        | Reached skill level 6 in Fighting
   207 | D        | Reached skill level 5 in Armour
   207 | D        | Reached skill level 1 in Dodging
   207 | D        | Reached XP level 4. HP: 28/32 MP: 4/4
   214 | D        | Killed a phantom
   215 | D        | Reached skill level 7 in Fighting
   215 | D        | Reached skill level 5 in Maces & Flails
   215 | D        | Reached XP level 5. HP: 34/38 MP: 5/5
   225 | D        | Found a snail-covered altar of Cheibriados.
   225 | D        | Found a shadowy altar of Dithmenos.
   225 | D        | Found a white marble altar of Elyvilon.
   225 | D        | Found a blossoming altar of Fedhas.
   225 | D        | Found an opulent altar of Gozag.
   226 | D        | Found a hazy altar of Hepliaklqana.
   227 | D        | Found a viscous altar of Jiyva.
   228 | D        | Found an ancient bone altar of Kikubaaqudgha.
   229 | D        | Found a corrupted altar of Lugonu.
   230 | D        | Found a burning altar of Makhleb.
   231 | D        | Found a sparkling altar of Nemelex Xobeh.
   232 | D        | Found an iron altar of Okawaru.
   233 | D        | Found a stormy altar of Qazlal.
   235 | D        | Became a worshipper of Gozag Ym Sagoz the Greedy
   237 | D        | Found a sacrificial altar of Ru.
   238 | D        | Found a shimmering blue altar of Sif Muna.
   239 | D        | Found a bloodstained altar of Trog.
   240 | D        | Found a hide-covered altar of Uskayaw.
   241 | D        | Found a radiant altar of Vehumet.
   242 | D        | Found an ornate altar of the Wu Jian Council.
   243 | D        | Found a shimmering altar of Xom.
   244 | D        | Found a basalt altar of Yredelemnul.
   245 | D        | Found a glowing silver altar of Zin.
   246 | D        | Found a glowing golden altar of the Shining One.
   299 | D        | Noticed a two-headed ogre
   299 | D        | Noticed a hornet
   299 | D        | Noticed an orc warrior
   299 | D        | Noticed a vampire
   307 | D        | Slain by a two-headed ogre

Illustrated notes

Levels and vault maps discovered:
D:        linesprint [early_d, line_temple, items_1, d_10, items_2, lair_1,
          lair_end, items_3, orc_1, orc_end, items_4, d_15, swamp_1, shoals_1,
          snake_1, spider_1, d_20, vaults_1, items_5, swamp_end, shoals_end,
          snake_end, spider_end, vaults_end, d_27, items_6, zot_1, zot_end,
          crypt_end, forest_end, elf_end, slime_end, tomb_end, abyss_end,
          pan_hell_end]

Skill      XL: |  1  2  3  4 |
---------------+-------------+-----
Shields        | 4 5 6 |  6.8
Fighting       | 5 6 7 |  7.0
Armour         | 4 5 6 |  6.2
Maces & Flails | 3 4 5 |  5.8
Dodging        | 1 |  1.5

Action                   |  1- 3 |  4- 6 || total
-------------------------+-------+-------++-------
Melee: Flail             |    34 |    12 ||    46
       Morningstar       |       |     5 ||     5
Evoke: Wand              |       |     1 ||     1
  Use: Potion            |     1 |     2 ||     3
Armor: Scale mail        |    29 |     4 ||    33
Dodge: Dodged            |    17 |    10 ||    27
Block: Buckler           |     8 |     3 ||    11

Table legend: (Time is in decaauts)
 A = Elapsed time spent in this place.
 B = Non-inter-level travel time spent in this place.
 C = Inter-level travel time spent in this place.
 D = Time resting spent in this place.
 E = Time spent auto-exploring this place.
 F = Levels seen in this place.
 G = Mean time per level.
                   A        B        C        D        E       F      G
               +--------+--------+--------+--------+--------+-----+--------+
         Total |    316 |    316 |      0 |    153 |      0 |   1 |  316.0 |
       Dungeon |    316 |    316 |      0 |    153 |      0 |   1 |  316.0 |
               +--------+--------+--------+--------+--------+-----+--------+

Top non-repeatable levels by time:
       D: 316 daAuts
